 Dungeon Crawl Stone Soup version 0.23-a0-143-g1adec7b (webtiles) character file.

6632 tsouns the Basher (level 11, 0/109 HPs)
             Began as a Gargoyle Wanderer on Sept 1, 2018.
             Was a Priest of Uskayaw.
             Slain by Snorg (1 damage)
             ... on level 10 of the Dungeon.
             The game lasted 00:29:32 (9110 turns).

tsouns the Basher (Gargoyle Wanderer)               Turns: 9110, Time: 00:29:33

Health: 0/109      AC: 25    Str: 31    XL:     11   Next: 2%
Magic:  11/11      EV:  2    Int: 15    God:    Uskayaw [***...]
Gold:   121        SH:  0    Dex:  7    Spells: 7/10 levels left

rFire    . . .     SeeInvis .   B - +4 dire flail (crush)
rCold    . . .     Gourm    +   (shield currently unavailable)
rNeg     + + +     Faith    .   (armour currently unavailable)
rPois    ∞         Spirit   .   (helmet currently unavailable)
rElec    .         Reflect  .   (cloak currently unavailable)
rCorr    +         Harm     .   (gloves currently unavailable)
MR       .....     NoTele   +   (boots currently unavailable)
Stlth    +.........             q - amulet of the gourmand
HPRegen  0.28/turn              O - ring of Generosity {rCorr Str+7}
MPRegen  0.12/turn              j - +5 ring of strength

@: tree-form, invisible
A: negative energy resistance 1, petrification resistance, rot immunity, AC +8
a: Stomp, Line Pass, Renounce Religion


You were on level 10 of the Dungeon.
You worshipped Uskayaw.
Uskayaw was noncommittal.
You were completely stuffed.
You were a tree.
You visited 2 branches of the dungeon, and saw 11 of its levels.

You collected 621 gold pieces.
You spent 500 gold pieces at shops.

Inventory:

Hand Weapons
 b - a +1 mace of draining
 B - a +4 dire flail of crushing (weapon)
Missiles
 n - 348 stones (quivered)
 v - 8 tomahawks
 F - 2 throwing nets
Armour
 i - a +0 cloak
 o - a +0 pair of gloves (melded)
 H - a scarf of resistance (melded)
 I - a +0 plate armour (melded)
 J - a scarf of repulsion
 K - a +2 helmet of see invisible (melded)
Jewellery
 j - a +5 ring of strength (right branch)
 q - an amulet of the gourmand (around neck)
 O - the ring of Generosity (left branch) {rCorr Str+7}
   (You bought it in a shop on level 10 of the Dungeon)

   [ring of resist corrosion]

   It affects your strength (+7).
Wands
 c - a wand of iceblast (13)
 u - a wand of enslavement (25)
 C - a wand of polymorph (28)
 E - a wand of disintegration (5)
Scrolls
 e - 2 scrolls of blinking
 f - 8 scrolls of remove curse
 h - 6 scrolls of teleportation
 s - 2 scrolls of amnesia
 w - a scroll of immolation
 y - 2 scrolls of brand weapon
 D - a scroll of magic mapping
 L - a scroll of fog
 M - 2 scrolls of enchant weapon
 N - a scroll of fear
Potions
 g - 2 potions of flight
 k - 3 potions of mutation
 p - a potion of brilliance
 r - a potion of haste
 x - 4 potions of curing
 z - a potion of agility
 A - 2 potions of heal wounds {unknown}
 G - a potion of lignification
Comestibles
 a - 2 chunks of flesh
 d - 23 rations


   Skills:
 + Level 10.5 Fighting
 * Level 11.5 Maces & Flails
 - Level 1.0 Throwing
 + Level 9.1 Armour
 + Level 1.5 Dodging
   Level 1.1 Shields


You had 7 spell levels left.
You knew the following spells:

 Your Spells              Type           Power        Failure   Level  Hunger
a - Regeneration          Chrm/Necr      #.........   63%         3    ####...

Your spell library contained the following spells:

 Spells                   Type           Power        Failure   Level  Hunger
 Confusing Touch          Hex            #.....       26%         1    ##.....
 Corona                   Hex            #......      26%         1    ##.....
 Infusion                 Chrm           #...         26%         1    ##.....
 Ensorcelled Hibernation  Hex/Ice        #.....       38%         2    ###....
 Shroud of Golubria       Chrm/Tloc      #.........   38%         2    ###....
 Song of Slaying          Chrm           #.......     38%         2    ###....
 Confuse                  Hex            #.......     63%         3    ####...
 Dazzling Spray           Conj/Hex       #.....       63%         3    ####...
 Gell's Gravitas          Tloc           #.........   63%         3    ####...
 Spectral Weapon          Hex/Chrm       #.......     63%         3    ####...
 Tukima's Dance           Hex            #.......     63%         3    ####...
 Petrify                  Tmut/Erth      #.......     95%         4    #####..
 Bolt of Magma            Conj/Fire/Erth #.........   100%        5    ######.
 Iskenderun's Battlesphe  Conj/Chrm      #.......     100%        5    ######.
 Metabolic Englaciation   Hex/Ice        #.........   100%        5    ######.
 Venom Bolt               Conj/Pois      #.........   100%        5    ######.
 Yara's Violent Unravell  Hex/Tmut       #.........   100%        5    ######.
 Iron Shot                Conj/Erth      #.........   100%        6    #######
 Orb of Destruction       Conj           #.........   100%        7    #######
 Spellforged Servitor     Conj/Summ      #.........   100%        7    #######


Dungeon Overview and Level Annotations

Branches:
Dungeon (10/15)            Temple (1/1) D:4            Lair (0/6) D:8
    Orc (0/2) D:10

Altars:
Ashenzari
Cheibriados
Dithmenos
Elyvilon
Fedhas
Gozag
Hepliaklqana
Kikubaaqudgha
Makhleb
Nemelex Xobeh
Okawaru
Qazlal
Ru
Sif Muna
Trog
Uskayaw
Vehumet
Wu Jian
Xom
Yredelemnul
Zin
The Shining One

Shops:
D:10 [=

Annotations:
D:10 Snorg


Innate Abilities, Weirdness & Mutations

You are resistant to torment.
((Your stone body is resilient. (AC +8)))
You are immune to poison.
You resist negative energy. (rN+)
((You are resistant to electric shocks. (rElec)))
((You can survive without breathing.))
You are immune to petrification.
You are immune to rotting.


Message History

* * * LOW HITPOINT WARNING * * *
Uskayaw will force your foes to helplessly watch your dance.
Uskayaw prepares the audience for your solo!
You feel better.
Snorg is no longer paralysed.
Snorg bites you but does no damage. Snorg claws you but does no damage. x2
Snorg bites you.
* * * LOW HITPOINT WARNING * * *
Snorg claws you but does no damage. x2
You feel better. Snorg bites you!
* * * LOW HITPOINT WARNING * * *
Snorg claws you but does no damage. x2
You fade into invisibility!
Snorg bites you.
* * * LOW HITPOINT WARNING * * *
Snorg claws you but does no damage. Snorg claws you!
* * * LOW HITPOINT WARNING * * *
Snorg bites you!
* * * LOW HITPOINT WARNING * * *
Snorg claws you.
You die...

.####..### ##
.........# #.#
..###..#.##.#.#
.....÷.#.#.## .#
..##.........##.##
Y............ ...#
#.##.....##...##.####
#Y###....# #....T...#
#..Y.....# #####♣##.#
######.#.# #)# #
#.#.#######.#
##'#.........#
##...##########
##.....## ##.......##
##.........#
.'.........+


You could see Snorg (berserk).

Vanquished Creatures
  Harold (D:10)
  Fannar (D:10)
  3 hippogriffs
  A wraith (D:10)
  A wyvern (D:10)
  Eustachio (D:4)
  A hungry ghost (D:7)
  A warg (D:10)
  A water moccasin (D:8)
  A black bear (D:10)
  5 orc warriors
  An eye of draining (D:10)
  6 ogres
  A crocodile (D:10)
  5 centaurs
  4 bullfrogs
  A scorpion (D:10)
  5 killer bees (D:7)
  3 wights (D:7)
  4 howler monkeys
  4 crimson imps
  A bullfrog zombie (D:5)
  4 hounds
  2 orc priests
  5 centaur skeletons
  A bullfrog skeleton (D:8)
  5 orc wizards
  Terence (D:3)
  3 iguanas
  Natasha (D:1)
  8 worker ants
  A hound zombie (D:6)
  A hound skeleton (D:4)
  11 adders
  A shadow imp (D:6)
  An ooze (D:1)
  2 adder skeletons
  5 worms
  4 dart slugs
  4 leopard geckos
  28 orcs
  5 bats
  4 giant cockroaches
  4 hobgoblins
  13 jackals
  7 kobolds
  3 quokkas
  2 ball pythons
  A ball python zombie (D:5)
  5 frilled lizards
  8 goblins
  2 goblin skeletons (D:8)
  A goblin zombie (D:8)
  2 kobold zombies (D:8)
  An orc zombie (D:8)
  4 rats
202 creatures vanquished.

Notes
Turn   | Place    | Note
-------+----------+-------------------------------------------
     0 | D:1      | tsouns the Gargoyle Wanderer began the quest for the Orb.
     0 | D:1      | tsouns set off with: a +2 scale mail, a +0 mace, a +0
                  | spear, a ration
     0 | D:1      | Reached XP level 1. HP: 16/16 MP: 1/1
    21 | D:1      | Reached skill level 1 in Maces & Flails
    21 | D:1      | Reached XP level 2. HP: 21/21 MP: 2/2
   417 | D:1      | Reached skill level 2 in Maces & Flails
   417 | D:1      | Reached XP level 3. HP: 24/27 MP: 3/3
   775 | D:2      | Noticed Natasha
   918 | D:1      | Killed Natasha
   918 | D:1      | Reached skill level 3 in Maces & Flails
   918 | D:1      | Reached XP level 4. HP: 16/32 MP: 4/4
  1625 | D:2      | Found a shadowy altar of Dithmenos.
  1908 | D:3      | Found a sacrificial altar of Ru.
  1933 | D:3      | Reached XP level 5. HP: 33/36 MP: 5/5
  2032 | D:3      | Found a hazy altar of Hepliaklqana.
  2408 | D:3      | Noticed Terence
  2431 | D:3      | Killed Terence
  2431 | D:3      | Reached skill level 4 in Maces & Flails
  2875 | D:4      | Found a glowing silver altar of Zin.
  3124 | D:4      | Found a staircase to the Ecumenical Temple.
  3134 | Temple   | Entered the Ecumenical Temple
  3379 | Temple   | Became a worshipper of Uskayaw the Reveler
  3432 | D:4      | Reached * piety under Uskayaw
  3434 | D:4      | Reached ** piety under Uskayaw
  3463 | D:4      | Reached XP level 6. HP: 42/42 MP: 6/6
  3499 | D:4      | Noticed Eustachio
  3559 | D:4      | Killed Eustachio
  3559 | D:4      | Reached skill level 5 in Maces & Flails
  3636 | D:4      | Found a burning altar of Makhleb.
  3653 | D:4      | Reached XP level 7. HP: 47/47 MP: 7/7
  4037 | D:4      | Reached *** piety under Uskayaw
  4049 | D:4      | Reached **** piety under Uskayaw
  4202 | D:5      | Entered Level 5 of the Dungeon
  4224 | D:5      | Reached skill level 6 in Maces & Flails
  4387 | D:5      | Reached XP level 8. HP: 51/53 MP: 8/8
  4394 | D:5      | Found a white marble altar of Elyvilon.
  4395 | D:5      | Found a shimmering altar of Xom.
  4494 | D:5      | Found a blossoming altar of Fedhas.
  4659 | D:6      | Reached skill level 5 in Armour
  4912 | D:6      | Found a shattered altar of Ashenzari.
  5007 | D:6      | Found a sparkling altar of Nemelex Xobeh.
  5187 | D:6      | Reached skill level 7 in Maces & Flails
  5464 | D:7      | Noticed a hippogriff
  5470 | D:7      | Killed a hippogriff
  5490 | D:7      | Reached skill level 8 in Maces & Flails
  5490 | D:7      | Reached XP level 9. HP: 59/60 MP: 9/9
  5490 | D:7      | Reached ***** piety under Uskayaw
  5950 | D:7      | Learned a level 3 spell: Regeneration
  6725 | D:8      | Reached skill level 9 in Maces & Flails
  6749 | D:8      | Found a bloodstained altar of Trog.
  6923 | D:8      | Found a staircase to the Lair.
  7019 | D:8      | Found a glowing golden altar of the Shining One.
  7202 | D:8      | Identified a scroll of acquirement
  7431 | D:9      | Found a glowing golden altar of the Shining One.
  7824 | D:10     | Entered Level 10 of the Dungeon
  7846 | D:10     | Reached skill level 10 in Maces & Flails
  7846 | D:10     | Reached XP level 10. HP: 62/66 MP: 10/10
  7884 | D:10     | Noticed Harold
  7914 | D:10     | Killed Harold
  7917 | D:10     | Reached skill level 10 in Fighting
  7927 | D:10     | Found a staircase to the Orcish Mines.
  8182 | D:10     | Reached skill level 11 in Maces & Flails
  8436 | D:10     | Found Gelue's Jewellery Shop.
  8444 | D:10     | Bought the ring of Generosity {rCorr Str+7} for 500 gold
                  | pieces
  8464 | D:10     | Found Hirghom's Antique Armour Emporium.
  8676 | D:10     | Noticed Fannar
  9058 | D:10     | Killed Fannar
  9058 | D:10     | Reached skill level 1 in Dodging
  9058 | D:10     | Reached XP level 11. HP: 51/73 MP: 11/11
  9093 | D:10     | Noticed Snorg
  9110 | D:10     | HP: 1/109 [Snorg (12)]
  9110 | D:10     | Slain by Snorg

Vault maps used:
D:1:      minmay_arrival_pointy
D:2:      grunt_dithmenos_smoke_and_mirrors, minmay_crystal_water, uniq_natasha
D:3:      nicolae_overflow_crystal_walls, serial_corexii_hall,
          corexii_hall_statues_l, corexii_hall_statues_i, first_ration,
          st_stairs_12, amethyst_killhole, nicolae_ru_sacrificial_ziggurat,
          uniq_terence
D:4:      lemuel_doored_altar, minmay_temple_entry_statues_pillars,
          bloody_makhleb, uniq_eustachio
D:5:      grunt_temple_overflow_open
D:6:      ashenzari_altar_1, nemelex_altar_shiori
D:7:      lemuel_ice_spiral_2
D:8:      lair_entry_dummy, basic_altar, grunt_ogre_cave,
          nicolae_tso_besieged_by_evil
D:9:      lemuel_crystal_altar, minmay_misc_feat_diagonals
D:10:     david_orc_3, serial_shops, kennysheep_little_box, shop_fountains,
          minmay_misc_feat_iff, palyth_stone_intersect, uniq_snorg, uniq_fannar,
          uniq_harold
Temple:   minmay_temple_curvy_branch

Skill      XL: |  1  2  3  4  5  6  7  8  9 10 |
---------------+-------------------------------+-----
Maces & Flails | 1 2 3 4 5 6 8 10 11 | 11.5
Fighting       | 6 7 8 9 10 | 10.5
Armour         | 4 6 7 9 |  9.1
Dodging        | 1 |  1.5
Throwing       | |  1.0
Shields        | |  1.1

Action                   |  1- 3 |  4- 6 |  7- 9 | 10-12 || total
-------------------------+-------+-------+-------+-------++-------
Melee: Mace              |   113 |   251 |   187 |       ||   551
       Dire flail        |       |       |   179 |   175 ||   354
Throw: Stone             |       |       |     2 |       ||     2
Evoke: Wand              |       |       |       |    16 ||    16
  Use: Potion            |     1 |     1 |       |     6 ||     8
       Scroll            |       |    12 |    13 |       ||    25
 Stab: Paralysed         |       |       |    10 |     7 ||    17
  Eat: Chunk             |       |    30 |    20 |     4 ||    54
Armor: Scale mail        |    93 |   179 |   155 |       ||   427
       Skin              |     8 |    71 |       |    22 ||   101
       Plate armour      |       |       |    46 |    96 ||   142
Dodge: Dodged            |    60 |   138 |   179 |    31 ||   408
       Deflected         |       |       |       |     1 ||     1

Table legend:
 A = Non-vault XP
 B = Vault XP
 C = Vault XP percentage of total XP
 D = Non-vault monster count
 E = Vault monster count
 F = Vault count percentage of total count
                 A         B        C        D         E       F
            +---------+---------+-------+---------+---------+-------
      Total |    6669 |    2806 |  29.6 |     184 |      18 |   8.9
            +---------+---------+-------+---------+---------+-------
        D:1 |      49 |      35 |  41.7 |      23 |       1 |   4.2
        D:2 |      53 |       0 |   0.0 |      20 |       0 |   0.0
        D:3 |      73 |      40 |  35.4 |      17 |       2 |  10.5
        D:4 |     373 |     202 |  35.1 |      19 |       1 |   5.0
        D:5 |     377 |       0 |   0.0 |      12 |       0 |   0.0
        D:6 |     484 |       0 |   0.0 |      13 |       0 |   0.0
        D:7 |    1218 |       0 |   0.0 |      17 |       0 |   0.0
        D:8 |    1067 |     175 |  14.1 |      23 |       8 |  25.8
        D:9 |     372 |       0 |   0.0 |      10 |       0 |   0.0
       D:10 |    2603 |    2354 |  47.5 |      30 |       6 |  16.7
            +---------+---------+-------+---------+---------+-------
